[Event "Nové Hrady - Open"]
[Site "Nové Hrady, Czech Republic"]
[Date "2023.08.13"]
[Round "1.1"]
[White "Žilavý, Jan"]
[Black "Sander, Antonín"]
[Result "1-0"]
[TimeControl "2x90min+30s"]
[WhiteFideId "350141"]
[BlackFideId "23749920"]
[WhiteElo "2130"]
[BlackElo "1448"]

1. e4 e5 2. Nf3 Nf6 3. Nxe5 Nxe4 4. Qe2 Qe7 5. Qxe4 d6 6. d4 dxe5 7. Qxe5 Qxe5+ 8. dxe5 Nc6 9. f4 Bf5 10.
c3 Bc5 11. Nd2 O-O 12. Nb3 Bb6 13. Bd2 a5 14. O-O-O Bg4 15. Re1 a4 16. Na1 Rfd8 17. Be2 Bxe2 18. Rxe2 Rd3 19. Nc2 Rad8 20.
Be3 Bxe3+ 21. Nxe3 a3 22. Rhe1 axb2+ 23. Kxb2 Na5 24. Kc2 b5 25. Rd1 Rxd1 26. Nxd1 Nc4 27. Ne3 Nb6 28. Rd2 Re8 29. Nd5 Nxd5 30. Rxd5 c6 31. Rd6 Rc8 32. Kb3 g6 33.
g3 Rc7 34. a4 bxa4+ 35. Kxa4 Ra7+ 36. Kb4 Ra2 37. Rxc6 Rxh2 38. Rd6 h5 39. c4 Rh3 40. c5 Rxg3 41. c6 Rg1 42. c7 Rb1+ 43.
Kc5 Rc1+ 44. Kb6 Kg7 45. Rc6 Rb1+ 46. Kc5 Rc1+ 47. Kd6 1-0

[Event "Nové Hrady - Open"]
[Site "Nové Hrady, Czech Republic"]
[Date "2023.08.13"]
[Round "1.2"]
[White "Jiřík, Radovan"]
[Black "Urban, Zdeněk"]
[Result "0-1"]
[TimeControl "2x90min+30s"]
[WhiteFideId "393118"]
[BlackFideId "312754"]
[WhiteElo "1445"]
[BlackElo "2118"]

1. Nf3 c5 2. d4 cxd4 3. Nxd4 Nf6 4. Bf4 e5 5. Bxe5 Qa5+ 6. Nc3 Qxe5 7. Nf3 Qa5 8. Qd2 Nc6 9. a3 Be7 10.
e4 O-O 11. Bc4 Bb4 12. Qd3 Bxc3+ 13. bxc3 Ne5 14. Nxe5 Qxe5 15. f3 d5 16. Bxd5 Nxd5 17. Qxd5 Qxc3+ 0-1

[Event "Nové Hrady - Open"]
[Site "Nové Hrady, Czech Republic"]
[Date "2023.08.13"]
[Round "1.3"]
[White "Babula, Milan"]
[Black "Novák, Rudolf"]
[Result "1-0"]
[TimeControl "2x90min+30s"]
[WhiteFideId "300632"]
[BlackFideId "333352"]
[WhiteElo "2087"]
[BlackElo "1361"]

1. e4 c5 2. Nf3 d6 3. d4 cxd4 4. Qxd4 Nc6 5. Bb5 Bd7 6. Bxc6 bxc6 7. c4 Nf6 8. Nc3 c5 9. Qd3 e6 10. O-O Qc7 11. h3 Be7 12.
Bf4 O-O 13. Rad1 e5 14. Bg5 Bc6 15. Bxf6 gxf6 16. Nh4 Kh8 17. Nf5 Rad8 18. Nd5 Bxd5 19. Qxd5 Qd7 20. Rd3 Qe6 21. Qxe6 fxe6 22. Nxe7 Rd7 23. Nc6 Rc8 24.
Na5 Rb8 25. Nb3 Rb4 26. Nxc5 Re7 27. Rxd6 Rxc4 28. Nxe6 Kg8 29. f4 Rxe4 30. f5 h5 31. Rc1 Re8 32. Rc7 1-0

[Event "Nové Hrady - Open"]
[Site "Nové Hrady, Czech Republic"]
[Date "2023.08.13"]
[Round "1.4"]
[White "Schneider, Wolfgang"]
[Black "Bosák, Jan"]
[Result "0-1"]
[TimeControl "2x90min+30s"]
[WhiteFideId "1639471"]
[BlackFideId "314692"]
[WhiteElo "1335"]
[BlackElo "2082"]

1. e4 e6 2. a3 d5 3. exd5 exd5 4. Nf3 Nf6 5. h3 Bd6 6. d4 O-O 7. Be2 Bf5 8. Nh4 Bd7 9. Be3 Re8 10.
Qd3 Ne4 11. Nf3 c6 12. Nbd2 Bf5 13. Qb3 Qc7 14. Nh4 Nxd2 15. Bxd2 Qe7 16. Qf3 Bxc2 17. Rc1 Be4 18. Qg4 f5 19.
Qh5 g6 20. Nxg6 Qf7 21. Nf4 Qxh5 22. Nxh5 Nd7 23. O-O Bxg2 24.
Rfe1 Bxh3 25. Nf4 Bg4 26. f3 Bxf4 27. Bxf4 Bh5 28. Kf2 Re6 29. Bd3 Nf8 30. Rg1+ Kf7 31. Be5 Bg6 32. Rh1 Nd7 33.
f4 c5 34. dxc5 Nxe5 35. fxe5 Rxe5 36. Bc2 Rae8 37. Bd1 Kf6 38. b4 R8e7 39. c6 bxc6 40. Rxc6+ R5e6 41. Ba4 f4 42. Rd1 Be4 43.
b5 Rg7 44. Rg1 Rxg1 45. Kxg1 d4 46. Rc7 Re7 47. Rc8 Ke5 48. Bb3 Rg7+ 49. Kf1 Kd6 50. a4 Rc7 51. Rd8+ Kc5 52. Bd1 d3 53.
Ke1 Bd5 54. Rh8 Rg7 55. Kd2 Kd4 56. Rd8 Rg2+ 57. Ke1 Ke3 58. Re8+ Be4 59. Kf1 Rh2 60. Kg1 Rh1# 0-1

[Event "Nové Hrady - Open"]
[Site "Nové Hrady, Czech Republic"]
[Date "2023.08.13"]
[Round "1.5"]
[White "Šimůnek, Jakub Šimon"]
[Black "Mores, Antonín"]
[Result "1-0"]
[TimeControl "2x90min+30s"]
[WhiteFideId "23709464"]
[BlackFideId "23711485"]
[WhiteElo "1921"]
[BlackElo "1305"]

1. e4 c5 2. Nf3 Nc6 3. Bb5 g6 4. O-O Bg7 5. c3 Nf6 6. Qe2 O-O 7. d4 cxd4 8. cxd4 a6 9. Bxc6 dxc6 10. Nc3 Bg4 11. Rd1 Qa5 12.
h3 Bxf3 13. Qxf3 Rfd8 14. Be3 Qb4 15. Rd2 Rd7 16. Rad1 Rad8 17. Qe2 Ne8 18. a3 Qd6 19. Na4 b5 20. Nc5 Ra7 21. d5 Rc8 22.
e5 Qb8 23. e6 Nf6 24. Nd7 Nxd7 25. Bxa7 Qxa7 26. exf7+ Kxf7 27. Qe6+ Kf8 28. dxc6 Nf6 29. Rd8+ Rxd8 30. Rxd8+ Ne8 31. Qd7 1-0

[Event "Nové Hrady - Open"]
[Site "Nové Hrady, Czech Republic"]
[Date "2023.08.13"]
[Round "1.6"]
[White "Mácová, Markéta"]
[Black "Slabý, Matěj"]
[Result "0-1"]
[TimeControl "2x90min+30s"]
[WhiteFideId "23715588"]
[BlackFideId "23734876"]
[WhiteElo "1304"]
[BlackElo "1894"]

1. e4 c5 2. Nf3 e6 3. d4 cxd4 4. Nxd4 a6 5. Nc3 Qc7 6. Bd3 d6 7. O-O Nf6 8. Qf3 Nbd7 9. Be3 Ne5 10.
Qe2 b5 11. a3 Bd7 12. Rfd1 Be7 13. Rac1 O-O 14. f3 Rfc8 15. Bf2 Nc4 16. Bxc4 Qxc4 17. Qxc4 Rxc4 18. Rd3 Be8 19. Rcd1 Rac8 20.
Kf1 Kf8 21. Be1 g5 22. g4 Nd7 23. Ke2 Ne5 24. R3d2 R4c7 25. Bg3 Nc4 26. Rb1 Nxd2 27. Kxd2 Rb7 28. b4 Rd7 29. Rd1 Bf6 30.
Nce2 Be5 31. Kc1 Rdc7 32. Rd2 Bc6 33. Kd1 Bb7 34. Kc1 Ke7 35. Kd1 Rc4 36. Nb3 Ba8 37. Na5 R4c7 38. Nb3 Bxg3 39.
Nxg3 Rc3 40. Rf2 d5 41. e5 Re3 42. Nc5 Rxc5 43. bxc5 Rxe5 44. Kd2 d4 45. Kd3 Rxc5 46. Kxd4 Rc4+ 47.
Kd3 Ra4 48. Kd2 Rxa3 49. f4 Ra4 50. Nh5 gxf4 51. Rxf4 Rxf4 52. Nxf4 h6 53. Kc3 a5 54. h4 Kd6 55. g5 hxg5 56.
hxg5 Be4 57. Kb2 b4 58. Ne2 Kc5 59. Kb3 e5 60. Ng3 a4+ 61. Kxa4 Bxc2+ 62. Ka5 b3 63. Ne2 b2 64. Nc3 Kc4 65.
Nb1 Bxb1 0-1

[Event "Nové Hrady - Open"]
[Site "Nové Hrady, Czech Republic"]
[Date "2023.08.13"]
[Round "1.7"]
[White "Pospěch, Radim"]
[Black "Slabý, Martin"]
[Result "1-0"]
[TimeControl "2x90min+30s"]
[WhiteFideId "329835"]
[BlackFideId "23713593"]
[WhiteElo "1874"]
[BlackElo "1300"]

1. d4 Nf6 2. c4 Nc6 3. Nc3 e5 4. d5 Ne7 5. e4 Ng6 6. Be3 Bb4 7. f3 O-O 8. Nge2 d6 9. a3 Bxc3+ 10. Nxc3 Nh5 11. Qd2 Qh4+ 12. g3 Nxg3 13. Bf2 Nxh1 14. Bxh4 Nxh4 15. Bg2 Bh3 16. Bxh1 f5 17. Qg5 Ng6 18.
O-O-O Nf4 19. Rg1 Rf7 20. Kd2 a6 21. Qh4 Raf8 22. Ne2 fxe4 23. Nxf4 Bd7 24. Ne6 Bxe6 25. dxe6 Rf4 26. Qg5 g6 27.
e7 Re8 28. fxe4 Rf2+ 29. Kc1 Rxh2 30. Qf6 1-0

[Event "Nové Hrady - Open"]
[Site "Nové Hrady, Czech Republic"]
[Date "2023.08.13"]
[Round "1.8"]
[White "Berkovec, Jakub"]
[Black "Matyska, Jiří"]
[Result "1-0"]
[TimeControl "2x90min+30s"]
[WhiteFideId "23727080"]
[BlackFideId "309370"]
[WhiteElo "1288"]
[BlackElo "1852"]

1. e4 b6 2. d4 Bb7 3. Nc3 e6 4. Bd3 f5 5. Nf3 Bb4 6. Qe2 Nf6 7. exf5 O-O 8. O-O Bxc3 9. bxc3 exf5 10.
Bg5 Qc8 11. Bxf6 Rxf6 12. Bc4+ d5 13. Bd3 c5 14. Qd2 Nc6 15. Rfe1 Qf8 16. Bf1 Rc8 17. Ne5 Re6 18. Nxc6 Rexc6 19. Bd3 Qf6 20. Re5 cxd4 21. cxd4 g6 22. Rae1 R8c7 23. Qh6 Qd6 24. Re8+ Kf7 25. Qxh7+ Kf6 26. Qh8+ Kf7 27. Qh7+ Kf6 28.
Qh6 Kf7 29. Rh8 Kf6 30. Rf8+ Rf7 31. Qh8+ 1-0

[Event "Nové Hrady - Open"]
[Site "Nové Hrady, Czech Republic"]
[Date "2023.08.13"]
[Round "1.9"]
[White "Mošnička, Jan"]
[Black "Hejda, Ondřej"]
[Result "1/2-1/2"]
[TimeControl "2x90min+30s"]
[WhiteFideId "329398"]
[BlackFideId "23713623"]
[WhiteElo "1784"]
[BlackElo "1246"]

1. e4 d5 2. exd5 Qxd5 3. Nc3 Qa5 4. d4 c6 5. Nf3 Bg4 6. Be2 Nf6 7. O-O e6 8. Ne5 Bxe2 9. Qxe2 Nbd7 10.
Nxd7 Nxd7 11. Ne4 Qd5 12. Rd1 Be7 13. c4 Qa5 14. Bd2 Qc7 15. Bc3 Nf6 16. d5 cxd5 17. Nxf6+ Bxf6 18. Bxf6 gxf6 19.
Rxd5 Rd8 20. Rxd8+ Kxd8 21. Qe4 Kc8 22. b3 f5 23. Qd4 Rd8 24. Qxa7 Qe5 25. Rf1 Qe4 26. Qc5+ Kb8 27. a4 Rg8 28.
f3 Qc2 29. Qe5+ Kc8 30. Qc5+ Kb8 31. Qe5+ Qe4 1/2-1/2

[Event "Nové Hrady - Open"]
[Site "Nové Hrady, Czech Republic"]
[Date "2023.08.13"]
[Round "1.10"]
[White "Hokr, Matyáš"]
[Black "Steinbauer, Sebastián"]
[Result "0-1"]
[TimeControl "2x90min+30s"]
[WhiteFideId "23734663"]
[BlackFideId "399272"]
[WhiteElo "1228"]
[BlackElo "1782"]

1. Nf3 c5 2. b3 d5 3. e3 f6 4. d4 Nc6 5. Bb2 Bg4 6. Bb5 e6 7. Bxc6+ bxc6 8. h3 Bh5 9. Nbd2 Qa5 10.
O-O Bd6 11. Qe1 Ne7 12. a3 O-O 13. Rc1 Rfb8 14. Kh1 c4 15. b4 Qb6 16. Ra1 a5 17. c3 axb4 18. cxb4 Nc8 19. Bc3 Na7 20.
Qc1 Nb5 21. Rg1 Nxc3 22. Qxc3 Rb7 23. Rgb1 Rba7 24. Rb2 Ra4 25. Rbb1 Qa7 26. Ne1 Rxa3 27. Rxa3 Qxa3 28. Qxa3
Rxa3 29. g4 Bg6 30. Rb2 c3 0-1

[Event "Nové Hrady - Open"]
[Site "Nové Hrady, Czech Republic"]
[Date "2023.08.14"]
[Round "2.1"]
[White "Steinbauer, Sebastián"]
[Black "Žilavý, Jan"]
[Result "0-1"]
[TimeControl "2x90min+30s"]
[WhiteFideId "399272"]
[BlackFideId "350141"]
[WhiteElo "1782"]
[BlackElo "2130"]

1. e4 c5 2. Nf3 Nc6 3. Bc4 g6 4. d4 cxd4 5. c3 e6 6. O-O Bg7 7. Nxd4 Nxd4 8. cxd4 d5 9. exd5 exd5 10. Bb5+ Bd7 11. Nc3 Ne7 12.
Bg5 f6 13. Bf4 O-O 14. Qb3 Bc6 15. Rfe1 g5 16. Bxc6 bxc6 17. Qb7 Rf7 18. Bc7 Ng6 19. Bxd8 Rxb7 20. Ba5 Rxb2 21. Rad1 Kf7 22.
a3 Bf8 23. Rb1 Rab8 24. a4 Rxb1 25. Rxb1 Rxb1+ 26. Nxb1 Ke6 27. Kf1 c5 28. dxc5 Bxc5 29. Nc3 d4 30. Nb5 Nf4 31. Bc7 a6 32. Bxf4 axb5 0-1

[Event "Nové Hrady - Open"]
[Site "Nové Hrady, Czech Republic"]
[Date "2023.08.14"]
[Round "2.2"]
[White "Urban, Zdeněk"]
[Black "Garabik, Marek"]
[Result "1-0"]
[TimeControl "2x90min+30s"]
[WhiteFideId "312754"]
[BlackFideId "23717742"]
[WhiteElo "2118"]
[BlackElo "1738"]

1. c4 Nf6 2. Nc3 e6 3. e4 d5 4. e5 Nfd7 5. f4 c5 6. Nf3 Nb6 7. d3 Nc6 8. Be2 Be7 9. O-O a6 10.
b3 f5 11. Kh1 d4 12. Nb1 Bd7 13. Bd2 Qc7 14. a4 O-O-O 15. Qe1 Rdg8 16. Na3 h6 17. a5 Na8 18. b4 g5 19. b5 Nb8 20.
Qb1 b6 21. bxa6 Nxa6 22. Nb5 Qb8 23. axb6 Qxb6 24. Nbxd4 N6c7 25. Nb5 Bxb5 26. cxb5 Kd7 27. d4 g4 28. Ba5 Qb7 29. dxc5 Bxc5 30.
Rd1+ Ke7 31. Qc1 Bf2 32. Nd4 Bxd4 33. Rxd4 Rb8 34. Qc5+ Ke8 35. Bb4 Nd5 36. Ra7 Qc8 37. Re7+ 1-0

[Event "Nové Hrady - Open"]
[Site "Nové Hrady, Czech Republic"]
[Date "2023.08.14"]
[Round "2.3"]
[White "Šedivý, Karel"]
[Black "Babula, Milan"]
[Result "0-1"]
[TimeControl "2x90min+30s"]
[WhiteFideId "359653"]
[BlackFideId "300632"]
[WhiteElo "1583"]
[BlackElo "2087"]

1. d4 Nf6 2. c4 g6 3. Nf3 Bg7 4. Nc3 O-O 5. e4 d6 6. Be2 e5 7. dxe5 dxe5 8. Qxd8 Rxd8 9. Bg5 Re8 10. Bxf6 Bxf6 11. Nd5 Bd8 12. O-O-O c6 13. Nc3 Bb6 14. c5 Bxc5 15. Nxe5 Be6 16.
Bc4 Bxc4 17. Nxc4 b5 18. Nd6 Re6 19. Nb7 Bb6 20. f3 Re7 21. Nd8 Na6 22.
Nxc6 Rc7 23. Rd6 Rac8 24. Nd5 Rxc6+ 25. Kb1 Rxd6 26. Ne7+ Kf8 27. Nxc8 Rd2 28. Nxb6 axb6 29. Rg1 Nc5 30.
Kc1 Rf2 31. b4 Nd3+ 0-1

[Event "Nové Hrady - Open"]
[Site "Nové Hrady, Czech Republic"]
[Date "2023.08.14"]
[Round "2.4"]
[White "Bosák, Jan"]
[Black "Berkovec, Jakub"]
[Result "1-0"]
[TimeControl "2x90min+30s"]
[WhiteFideId "314692"]
[BlackFideId "23727080"]
[WhiteElo "2082"]
[BlackElo "1288"]

1. c4 c5 2. Nf3 Nc6 3. Nc3 g6 4. e3 Bg7 5. d4 cxd4 6. exd4 Nf6 7. d5 Nb8 8. Be3 d6 9. Be2 O-O 10.
O-O Bd7 11. Rc1 Na6 12. Nd4 Nc5 13. b4 Na6 14. a3 b6 15. Nc6 Bxc6 16. dxc6 Rc8 17. c5 Nb8 18. cxb6 axb6 19. b5 Nxc6 20.
bxc6 Rxc6 21. Bf3 Rc8 22. Qb3 Rb8 23. Rb1 Nd7 24. Nd5 b5 25. Nb4 Nc5 26. Bxc5 dxc5 27. Nc6 Qc7 28. Nxb8 Rxb8 29.
Be2 b4 30. axb4 cxb4 31. Rfc1 Qd6 32. Bc4 e6 33. Rd1 Qc7 34. Qd3 Bc3 35. Bb3 Ra8 36. Qb5 Rb8 37. Qd7 Qe5 38. Qd6 Qxd6 39.
Rxd6 Ra8 40. Rd7 h5 41. Rb7 Rd8 42. Rd1 1-0

[Event "Nové Hrady - Open"]
[Site "Nové Hrady, Czech Republic"]
[Date "2023.08.14"]
[Round "2.8"]
[White "Matyska, Jiří"]
[Black "Mošnička, Jan"]
[Result "1-0"]
[TimeControl "2x90min+30s"]
[WhiteFideId "309370"]
[BlackFideId "329398"]
[WhiteElo "1852"]
[BlackElo "1784"]

1. d4 Nf6 2. c4 e6 3. Nf3 b6 4. g3 Bb7 5. Bg2 Be7 6. O-O c5 7. Nc3 cxd4 8. Qxd4 Nc6 9. Qf4 O-O 10.
Rd1 Nh5 11. Qd2 Nf6 12. b3 Bb4 13. Qd3 Bxc3 14. Qxc3 h6 15. Bb2 Ne7 16. Ne5 Bxg2 17. Nxd7 Ned5 18. Nxf6+ Qxf6 19. Qxf6 Nxf6 20.
Kxg2 Ne4 21. f3 Nc5 22.
Ba3 Rfd8 23. Kf2 f6 24. Ke1 Kf7 25. Rxd8 Rxd8 26. Rd1 Rxd1+ 27. Kxd1 Nb7 28. Kd2 g6 29. Kd3 e5 30. e4 h5 31. c5 Na5 32. cxb6 axb6 33. Bc1 Ke6 34.
Be3 b5 35. Bb6 Nc6 36. a4 bxa4 37. bxa4 f5 38. a5 fxe4+ 39. fxe4 Kd6 40. Kc4 Nb8 41. Kb5 1-0

[Event "Nové Hrady - Open"]
[Site "Nové Hrady, Czech Republic"]
[Date "2023.08.14"]
[Round "2.9"]
[White "Hejda, Ondřej"]
[Black "Voršilka, Jiří"]
[Result "1/2-1/2"]
[TimeControl "2x90min+30s"]
[WhiteFideId "23713623"]
[BlackFideId "365149"]
[WhiteElo "1246"]
[BlackElo "1556"]

1. e4 e5 2. Nf3 Nf6 3. Nc3 Nc6 4. Bc4 Nxe4 5. Nxe4 d5 6. Bxd5 Qxd5 7. Nc3 Qd8 8. d3 Bd6 9. Be3 O-O 10.
d4 exd4 11. Nxd4 Nxd4 12. Qxd4 c5 13. Qd3 Be6 14. Ne4 Be7 15. Nxc5 Qa5+ 16. Qc3 Qxc3+ 17. bxc3 Bxc5 18. Bxc5 Rfc8 19.
Bd4 Bf5 20. Rb1 b6 21. Rc1 Re8+ 22. Kd2 Rad8 23. Rhe1 f6 24. Rxe8+ 1/2-1/2

[Event "Nové Hrady - Open"]
[Site "Nové Hrady, Czech Republic"]
[Date "2023.08.15"]
[Round "3.1"]
[White "Žilavý, Jan"]
[Black "Bosák, Jan"]
[Result "1-0"]
[TimeControl "2x90min+30s"]
[WhiteFideId "350141"]
[BlackFideId "314692"]
[WhiteElo "2130"]
[BlackElo "2082"]

1. d4 Nf6 2. c4 g6 3. Nc3 d5 4. Nf3 Bg7 5. Qb3 dxc4 6. Qxc4 O-O 7. e4 a6 8. e5 b5 9. Qb3 Be6 10.
Qa3 Nd5 11. Bxb5 c5 12. Be3 Nb6 13.
Be2 cxd4 14. Nxd4 Bc4 15. Bf3 Ra7 16. Rd1 Rd7 17. Qc5 Bd5 18. Nxd5 Nxd5 19. e6 Nxe3 20. exf7+ Rxf7 21. fxe3 e5 22.
Ne6 Rxd1+ 23. Bxd1 Qh4+ 24. g3 Qf6 25. Qc8+ Bf8 26. Bb3 Qf2+ 27. Kd1 Qf3+ 28. Kd2 Qxh1 29. Nxf8 Qg2+ 30. Kc3 Qc6+ 31. Qxc6 Nxc6 32. Nxh7 1-0

[Event "Nové Hrady - Open"]
[Site "Nové Hrady, Czech Republic"]
[Date "2023.08.15"]
[Round "3.2"]
[White "Šimůnek, Jakub Šimon"]
[Black "Urban, Zdeněk"]
[Result "0-1"]
[TimeControl "2x90min+30s"]
[WhiteFideId "23709464"]
[BlackFideId "312754"]
[WhiteElo "1921"]
[BlackElo "2118"]

1. e4 c5 2. Nf3 d6 3. Bb5+ Bd7 4. Bxd7+ Nxd7 5. O-O Ngf6 6. Qe2 e6 7. c3 Be7 8. d4 O-O 9. Rd1 cxd4 10.
cxd4 Rc8 11. Nc3 Nb6 12. Bg5 d5 13. e5 Nfd7 14. Bxe7 Qxe7 15. Nb5 a6 16. Nd6 Rc7 17. Rac1 Nb8 18.
Rxc7 Qxc7 19. Qd2 Nc8 20. Rc1 Qd7 21. Nxc8 Rxc8 22. g3 h6 23. Ne1 Rxc1 24. Qxc1 Qc6 25. Qc5 b6 26. Qe7 Qc1 27.
Qd8+ Kh7 28. Kf1 Nc6 29. Qxb6 Qc4+ 30. Kg2 Nxd4 31. Qa5 Nc6 32. Qc3 Qxc3 33. bxc3 Nxe5 34. f4 Nc4 35.
Kf2 Kg6 36. h3 Nd2 37. Ke3 Ne4 38. Kd4 Nxg3 39. Kc5 Ne2 40. a4 Nxc3 41. a5 Na4+ 42. Kc6 Nb2 43. Kb6 Kf5 44. Kxa6 Nc4 45. Kb5 Nxa5 0-1

[Event "Nové Hrady - Open"]
[Site "Nové Hrady, Czech Republic"]
[Date "2023.08.15"]
[Round "3.3"]
[White "Babula, Milan"]
[Black "Slabý, Matěj"]
[Result "1-0"]
[TimeControl "2x90min+30s"]
[WhiteFideId "300632"]
[BlackFideId "23734876"]
[WhiteElo "2087"]
[BlackElo "1894"]

1. e4 c5 2. Nf3 e6 3. d4 cxd4 4. Nxd4 a6 5. Bd3 d6 6. O-O Nf6 7. c4 Qc7 8. Nc3 b6 9. Be3 Bb7 10.
f4 Nbd7 11. f5 e5 12. Nb3 Rc8 13. Qe2 h5 14. h3 h4 15. Qf2 Be7 16. a4 Nc5 17. Nxc5 bxc5 18. a5 Bc6 19. Rfb1 Rb8 20.
Nd5 Bxd5 21. cxd5 Rb4 22. Qc2 O-O 23. Bd2 Rb7 24. Bxa6 Ra7 25. Bd3 c4 26. Qxc4 Qxc4 27. Bxc4 Nxe4 28.
Be3 Rc7 29. Bb5 Rb7 30. Bc6 Rb3 31. Ra3 1-0

[Event "Nové Hrady - Open"]
[Site "Nové Hrady, Czech Republic"]
[Date "2023.08.15"]
[Round "3.4"]
[White "Pospěch, Radim"]
[Black "Steinbauer, Sebastián"]
[Result "1-0"]
[TimeControl "2x90min+30s"]
[WhiteFideId "329835"]
[BlackFideId "399272"]
[WhiteElo "1874"]
[BlackElo "1782"]

1. d4 Nf6 2. c4 e6 3. Nc3 d5 4. Bg5 c5 5. e3 cxd4 6. exd4 Be7 7. Nf3 Nc6 8. Rc1 O-O 9. a3 a6 10.
Be2 dxc4 11. Bxc4 b5 12. Be2 Bb7 13. O-O Nd5 14. Bxe7 Ncxe7 15. Re1 Qd6 16. Ne4 Qb6 17. Nc5 Rfd8 18.
Qd2 Rac8 19. b4 Ng6 20. g3 Nf6 21. Nxb7 Qxb7 22. Qb2 Kf8 23. Ne5 Nxe5 24. dxe5 Nd5 25. Bf3 Rxc1 26. Rxc1 Rc8 27.
Rd1 Qc6 28. Bxd5 exd5 29. Qd4 Rd8 30. Qh4 Qc7 31. Qd4 h6 32. Kg2 Rd7 33. Kf3 Qc6 34. Qc5+ Qxc5 35. bxc5 Ke7 36. Ke3 Ke6 37.
Kd4 Rc7 38. Rb1 Rb7 39. c6 Rc7 40. Kc5 1-0

[Event "Nové Hrady - Open"]
[Site "Nové Hrady, Czech Republic"]
[Date "2023.08.15"]
[Round "3.5"]
[White "Novák, Rudolf"]
[Black "Matyska, Jiří"]
[Result "0-1"]
[TimeControl "2x90min+30s"]
[WhiteFideId "333352"]
[BlackFideId "309370"]
[WhiteElo "1361"]
[BlackElo "1852"]

1. e4 e6 2. d4 b6 3. c4 Bb7 4. Nc3 Bb4 5. d5 Nf6 6. Bd3 O-O 7. Bg5 exd5 8. cxd5 h6 9. Bh4 g5 10.
Bg3 Re8 11. Kf1 Bxc3 12. bxc3 Nxe4 13. c4 d6 14. Qc2 Qf6 15. Re1 Nxg3+ 16. hxg3 Rxe1+ 17. Kxe1 Nd7 18. Ne2 Nc5 19. Bf5 Re8 20.
f3 Qa1+ 21. Qb1 Qc3+ 22. Kf2 Qe3+ 23. Kf1 0-1

[Event "Nové Hrady - Open"]
[Site "Nové Hrady, Czech Republic"]
[Date "2023.08.15"]
[Round "3.6"]
[White "Garabik, Marek"]
[Black "Hejda, Ondřej"]
[Result "1-0"]
[TimeControl "2x90min+30s"]
[WhiteFideId "23717742"]
[BlackFideId "23713623"]
[WhiteElo "1738"]
[BlackElo "1246"]

1. e4 c6 2. d4 d5 3. f3 e6 4. Nc3 c5 5. exd5 exd5 6. dxc5 d4 7. Ne4 Nf6 8. Bg5 Bf5 9. Bb5+ Nc6 10.
Bxc6+ bxc6 11. Bxf6 gxf6 12. Qe2 Be6 13. Qa6 Bd5 14. Qe2 Be6 15. g4 Rb8 16. b3 Be7 17. Nh3 Bd5 18. Nxf6+ Kf8 19.
Nxd5 Qxd5 20. Nf4 Qxc5 21. Nd3 Qc3+ 22. Kf2 Bh4+ 23. Kg2 Re8 24. Qd1 Re3 25. Nf2 Bxf2 26. Kxf2 Kg7 27. Re1 Rxe1 28.
Qxe1 Qxc2+ 29. Qe2 Qc5 30. Re1 d3+ 31. Qe3 Qc2+ 32. Kg3 d2 33. Qg5+ Qg6 34. Qxg6+ Kxg6 35. Rd1 Rd8 36. h4 Kf6 37.
Kf4 Rd3 38. Ke4 Rd5 39. f4 Ke6 40. Ke3 h5 41. gxh5 Rxh5 42. Rxd2 Rxh4 43. Rc2 Kd6 44. Ke4 Rh5 45. Rd2+ Rd5 46.
Rxd5+ cxd5+ 47. Kd4 f6 48. b4 Ke6 49. b5 Kd6 50. f5 Kd7 51. Kxd5 Kc7 52. Kc5 Kb7 53. a4 Kc7 54. a5 Kb7 55.
b6 a6 56. Kd6 1-0

[Event "Nové Hrady - Open"]
[Site "Nové Hrady, Czech Republic"]
[Date "2023.08.15"]
[Round "3.8"]
[White "Berkovec, Jakub"]
[Black "Junek, Petr"]
[Result "1/2-1/2"]
[TimeControl "2x90min+30s"]
[WhiteFideId "23727080"]
[BlackFideId "23739282"]
[WhiteElo "1288"]
[BlackElo "1554"]

1. e4 e5 2. Nf3 Nc6 3. d4 exd4 4. Nxd4 Bc5 5. Nb3 Bb6 6. Nc3 Nge7 7. Qe2 d6 8. Be3 Be6 9. O-O-O Qc8 10.
h3 Ne5 11. f4 Nc4 12. Bxb6 Nxb6 13. g4 Bc4 14. Qe3 1/2-1/2

[Event "Nové Hrady - Open"]
[Site "Nové Hrady, Czech Republic"]
[Date "2023.08.15"]
[Round "3.9"]
[White "Berkovec, Josef"]
[Black "Postl, František"]
[Result "1/2-1/2"]
[TimeControl "2x90min+30s"]
[WhiteElo "1537"]
[BlackElo "1180"]

1. Nf3 d5 2. c4 c6 3. d4 Nf6 4. cxd5 cxd5 5. Nc3 Nc6 6. Bf4 g6 7. e3 Bg7 8. Bb5 O-O 9. h3 a6 10.
Bxc6 bxc6 11. O-O Re8 12. Ne5 Bb7 13. Na4 Ne4 14. f3 f6 15. Nxc6 Bxc6 16. fxe4 dxe4 17. Nc5 Qb6 18. Qb3+ Qxb3 19.
Nxb3 1/2-1/2

[Event "Nové Hrady - Open"]
[Site "Nové Hrady, Czech Republic"]
[Date "2023.08.16"]
[Round "4.1"]
[White "Babula, Milan"]
[Black "Žilavý, Jan"]
[Result "1-0"]
[TimeControl "2x90min+30s"]
[WhiteFideId "300632"]
[BlackFideId "350141"]
[WhiteElo "2087"]
[BlackElo "2130"]

1. e4 c5 2. Nf3 e6 3. d4 cxd4 4. Nxd4 a6 5. Bd3 Nf6 6. O-O d6 7. Nd2 Bd7 8. b3 Nc6 9. Bb2 Be7 10. Kh1 b5 11. Qe2 Qb6 12. Nxc6 Bxc6 13. a4 bxa4 14.
Nc4 Qc7 15. bxa4 Rb8 16. f3 h5 17.
e5 d5 18. Nd6+ Bxd6 19. exd6 Qd7 20. Be5 a5 21. Rab1 O-O 22. Bxf6 gxf6 23. f4 Rxb1 24. Rxb1 Qxd6 25. Qxh5 Rd8 26.
Qh6 f5 27. Rb3 e5 28. Qg5+ Kf8 29. fxe5 Qe7 30. Qh6+ 1-0

[Event "Nové Hrady - Open"]
[Site "Nové Hrady, Czech Republic"]
[Date "2023.08.16"]
[Round "4.2"]
[White "Urban, Zdeněk"]
[Black "Pospěch, Radim"]
[Result "1-0"]
[TimeControl "2x90min+30s"]
[WhiteFideId "312754"]
[BlackFideId "329835"]
[WhiteElo "2118"]
[BlackElo "1874"]

1. d4 Nf6 2. Nf3 d6 3. Nc3 Nbd7 4. e4 e5 5. Bc4 Be7 6. a4 O-O 7. O-O c6 8. h3 a5 9. Be3 Qc7 10. Ba2 b6 11. Qd2 Ba6 12. Rfd1 Rad8 13. Qe1 b5 14.
Nd2 b4 15. Ne2 d5 16. dxe5 Nxe5 17. f4 Nc4 18. Bxc4 dxc4 19. Ng3 Qb7 20. Qf2 c5 21. Nf5 Rfe8 22. e5 Nd5 23. Nxe7+ Qxe7 24.
Bxc5 Qe6 25. Ne4 c3 26. bxc3 Nxc3 27. Nxc3 bxc3 28. Bb6 Rxd1+ 29. Rxd1 Qc4 30. Bxa5 Qxa4 31. Bxc3 Bb7 32. f5 h6 33.
Qg3 Qxc2 34. Rd7 Qb3 35. e6 1-0

[Event "Nové Hrady - Open"]
[Site "Nové Hrady, Czech Republic"]
[Date "2023.08.16"]
[Round "4.3"]
[White "Bosák, Jan"]
[Black "Garabik, Marek"]
[Result "1-0"]
[TimeControl "2x90min+30s"]
[WhiteFideId "314692"]
[BlackFideId "23717742"]
[WhiteElo "2082"]
[BlackElo "1738"]

1. Nf3 e6 2. d4 d5 3. c4 Nf6 4. Bg5 Be7 5. Nc3 O-O 6. e3 h6 7. Bh4 Ne4 8. Bxe7 Qxe7 9. Rc1 Rd8 10.
Bd3 Nxc3 11. Rxc3 dxc4 12. Rxc4 b6 13. Be4 Ba6 14. Rc3 c6 15. Ne5 Rc8 16. Nxc6 Nxc6 17. Bxc6 Qb4 18. Qb3 Qxb3 19.
axb3 Rab8 20. Kd2 Kf8 21. b4 Bb7 22. Bxb7 Rxc3 23. bxc3 Rxb7 24. b5 Ke7 25. c4 Kd6 26. Kc3 f5 27.
Kb4 g5 28. Rd1 Rc7 29. Rd2 h5 30. f4 g4 31. c5+ Kd5 32. Rc2 Rb7 33. Rc3 h4 34. Kb3 Rb8 35. Kc2 Rb7 36. Kd3 Rb8 37.
Rc2 Rb7 38. cxb6 axb6 39. Rc8 Kd6 40. Rd8+ Ke7 41. Rh8 Kf6 42.
e4 Kg7 43. Rxh4 Ra7 44. exf5 exf5 45. Kc4 Ra4+ 46. Kd5 Rb4 47. Kc6 Rxd4 48. Kxb6 Rxf4 49. h3 gxh3 50. Rxh3 Rb4 51. Kc6 Kf6 52. b6 Rb2 53. Rg3 1-0